 Dungeon Crawl Stone Soup version 0.19.4-10-g532645f (webtiles) character file.

158931 Rrauwl the Severer (level 17, -1/138 HPs)
             Began as a Hill Orc Fighter on Feb 22, 2017.
             Was the Champion of Hepliaklqana.
             Shot with an arrow by a satyr (15 damage)
             ... on level 4 of the Shoals.
             The game lasted 03:19:58 (23418 turns).

Rrauwl the Severer (Hill Orc Fighter)              Turns: 23418, Time: 03:20:00

Health: -1/138     AC: 23    Str: 33    XL:     17   Next: 73%
Magic:  26/26      EV: 11    Int: 12    God:    Hepliaklqana [******]
Gold:   1618       SH: 18    Dex: 12    Spells: 0 memorised, 16 levels left

rFire  . . .     SeeInvis +     h - +8 war axe of Xononn {speed, rN++ Int+4 SInv}
rCold  . . .     Gourm    .     L - +4 chain mail of the Aged Lives {-Cast Regen+ rCorr}
rNeg   + + .     Faith    .     Q - +0 shield {reflect}
rPois  +         Spirit   .     K - +2 hat {SInv}
rElec  .         Reflect  +     x - +2 cloak
rCorr  +         Harm     .     (no gloves)
MR     +++..     NoCast   +     C - +0 pair of boots
Stlth  ..........               D - +5 amulet of reflection
                                c - ring of poison resistance
                                E - ring "Capics" {MR+ Dex+2 Slay+2}

@: mighty, very slightly contaminated
A: reduced essence, horns 1, iridescent scales 2, rugged brown scales 1, see
invisible, deformed body, magic resistance 1, strong 1, evolution 1, subdued
magic 2
a: Recall Ancestor, Ancestor Identity, Transference, Idealise, Renounce Religion


You were on level 4 of the Shoals.
You worshipped Hepliaklqana.
Hepliaklqana was exalted by your worship.
You were hungry.

You visited 5 branches of the dungeon, and saw 27 of its levels.
You visited the Abyss 1 time.
You visited 1 bazaar.
You also visited: Ice Cave and Volcano.

You collected 1931 gold pieces.
You spent 313 gold pieces at shops.

Inventory:

Hand Weapons
 h - the +8 war axe of Xononn (weapon) {speed, rN++ Int+4 SInv}
   (You found it on level 2 of the Lair of Beasts)

   Attacks with this weapon are significantly faster.
   It affects your intelligence (+4).
   It greatly protects you from negative energy.
   It lets you see invisible.
 q - a +5 demon whip of venom
 U - the +11 long sword "Kaenin" {holy, rF+ rC+ Str+4 Dex+2}
   (You found it on level 1 of the Lair of Beasts)

   It has been blessed by the Shining One to cause great damage to the undead
   and demons.
   It affects your strength (+4).
   It affects your dexterity (+2).
   It protects you from fire.
   It protects you from cold.
Armour
 x - a +2 cloak (worn)
 C - a +0 pair of boots (worn)
 K - a +2 hat of see invisible (worn)
 L - the +4 chain mail of the Aged Lives (worn) {-Cast Regen+ rCorr}
   (You found it on level 6 of the Lair of Beasts)

   It prevents spellcasting.
   It increases your rate of regeneration.
   It protects you from acid and corrosion.
 Q - a +0 shield of reflection (worn)
Magical Staves
 p - an uncursed staff of power
Jewellery
 c - a ring of poison resistance (right hand)
 e - an uncursed ring of flight
 f - a +5 ring of intelligence
 D - a +5 amulet of reflection (around neck)
 E - the ring "Capics" (left hand) {MR+ Dex+2 Slay+2}
   (You found it on level 14 of the Dungeon)

   [ring of dexterity]

   It affects your dexterity (+2).
   It affects your accuracy and damage with ranged weapons and melee attacks
   (+2).
   It affects your resistance to hostile enchantments.
Wands
 k - a wand of digging (24/24)
 y - a wand of lightning (8/15)
 F - a wand of iceblast (7/15)
 I - a wand of disintegration (9/24)
Scrolls
 d - a scroll of fog
 j - 6 scrolls of teleportation
 n - 16 scrolls of remove curse
 s - 11 scrolls of identify
 t - a scroll of blinking
 v - 4 scrolls of fear
 w - a scroll of holy word
 P - 2 scrolls of recharging
Potions
 l - 2 potions of cure mutation
 o - a potion of might
 z - a potion of flight
 A - 4 potions of agility
 B - a potion of lignification
 H - 2 potions of haste
 M - 6 potions of curing
Miscellaneous
 i - a lamp of fire
Comestibles
 a - 12 chunks of flesh
 b - 13 fruits
 g - a royal jelly
 m - a meat ration
 r - 2 bread rations


   Skills:
 - Level 13.0 Fighting
 + Level 15.2 Long Blades
 - Level 19.0(19.9) Axes
 - Level 9.7(14.1) Maces & Flails
 - Level 10.2 Armour
 - Level 6.3 Dodging
 - Level 1.0 Stealth
 - Level 11.0 Shields
 - Level 13.2 Invocations
 - Level 7.0 Evocations


You had 16 spell levels left.
You didn't know any spells.

Dungeon Overview and Level Annotations

Branches:
Dungeon (15/15)            Temple (1/1) D:4            Lair (6/6) D:8
 Shoals (4/4) Lair:4       Spider (0/4) Lair:4        Slime (1/5) Lair:6
    Orc (0/2) D:11         Vaults (0/5) D:14         Depths (0/5) D:15

Altars:
Ashenzari
Cheibriados
Dithmenos
Elyvilon
Fedhas
Gozag
Hepliaklqana
Kikubaaqudgha
Makhleb
Nemelex Xobeh
Okawaru
Qazlal
Ru
Sif Muna
Trog
Uskayaw
Vehumet
Xom
Yredelemnul
Zin
The Shining One
Jiyva

Shops:
D:7 :   D:13 [


Innate Abilities, Weirdness & Mutations

Your life essence is reduced. (-10% HP)
You have a pair of small horns on your head.
You are mostly covered in iridescent scales. (AC +4)
You are partially covered in rugged brown scales. (AC +1, +3% HP)
You have supernaturally acute eyesight. (SInv)
Armour fits poorly on your strangely shaped body.
You are resistant to hostile enchantments. (MR+)
Your muscles are strong. (Str +2)
You evolve.
Your spells are easier to cast, but less powerful.


Message History

The merfolk aquamancer is moderately wounded.
You miss the merfolk impaler.
You are engulfed in a cloud of scalding steam.
The merfolk avatar chants a haunting song.
You resist.
The merfolk aquamancer hits you with a rapier.
* * * LOW HITPOINT WARNING * * *
The merfolk impaler hits you but does no damage.
You are electrocuted!
* * * LOW HITPOINT WARNING * * *
A manticore comes into view.
Blink to where?
Press: ? - help, Dir - move target cursor You are very lightly contaminated with residual magic.
As you read the scroll of blinking, it crumbles to dust.
A satyr comes into view. It is wielding a club.
The satyr shouts!
The satyr unwields an uncursed club.
The satyr wields an uncursed longbow.
The satyr shoots an arrow.
The arrow hits you!
You die...

........≈≈≈≈≈≈≈
...)...≈≈≈≈≈≈≈≈≈≈≈≈≈≈.≈≈
≈....(.≈≈≈≈≈≈≈≈≈≈≈≈≈≈≈≈.
≈.....≈≈≈≈≈≈≈≈≈≈≈≈≈≈≈≈≈≈
≈.)...((≈≈≈≈≈≈≈≈≈≈≈≈≈≈≈≈
.......((≈≈≈≈≈≈≈≈≈≈≈≈≈≈.
......≈≈≈(≈≈≈≈≈≈≈≈≈.≈≈.##..
.......≈≈(≈≈≈≈≈≈............
.....#..≈≈≈≈≈≈≈≈@.# #.......≈≈≈≈
........≈≈≈≈≈≈≈..####......≈≈≈≈≈
........≈≈≈≈≈≈≈.......)≈≈≈≈≈≈≈≈≈
......≈≈≈≈≈..≈≈m..≈§§§...≈≈≈≈≈≈≈
≈≈≈≈.≈≈≈≈≈<...≈....§.§...≈≈≈≈≈≈≈
≈≈≈≈≈..≈≈≈cH..≈..)§§§§.(.≈≈≈≈≈≈≈
≈≈≈≈≈≈..≈≈≈≈≈≈...m§§))##.≈≈≈≈≈≈≈
≈≈≈≈≈≈≈≈≈≈≈≈≈)...m§§≈.#))≈≈≈≈≈≈≈
≈≈≈≈≈≈≈≈≈≈)≈≈[).#####.().≈≈≈≈≈≈≈


You could see a merfolk avatar, a merfolk impaler, a satyr, a merfolk aquamancer
and a manticore.

Vanquished Creatures
  A profane servitor (Abyss:2)
  The ghost of WINT3RMUT3 the Warrior, an adept HOAK of Lugonu (Shoals:4)
  Kirke (Lair:5)
  Agnes (D:15)
  Ilsuiw (Shoals:4)
  A purple draconian (Abyss:2)
  Azrael (D:15)
  2 merfolk javelineers (Shoals:4)
  3 merfolk impalers
  2 merfolk avatars
  5 hydras
  4 centaur warriors
  Erica (D:11)
  6 merfolk aquamancers
  3 tengu warriors
  A vampire mage (Abyss:2)
  Urug (D:11)
  2 thrashing horrors (Abyss:2)
  A hell knight (Volcano)
  Nergalle (Lair:3)
  The ghost of baghtru the Cleaver, a novice HOFi of the Shining One (D:8)
  4 skeletal warriors (D:13)
  7 sea snakes
  2 unseen horrors
  4 wizards
  2 large abominations (Abyss:2)
  8 hill giants
  An obsidian statue (Volcano)
  4 orc knights
  14 harpies
  A wolf spider zombie (D:14)
  2 fauns
  7 manticores
  3 ugly things
  A salamander (D:15)
  2 deep elf magi
  14 elephants
  Joseph (D:9)
  2 centaur zombies
  9 sirens
  2 guardian serpents (D:15)
  4 water nymphs
  3 ice statues (IceCv)
  3 smoke demons (Abyss:2)
  An orange demon (Abyss:2)
  3 centaur skeletons
  14 spiny frogs
  A hellwing (Abyss:2)
  2 kobold demonologists
  8 ice devils (IceCv)
  2 rime drakes
  A demonic crawler (Abyss:2)
  An ancient zyme (Abyss:2)
  2 komodo dragons
  2 yaktaurs (D:15)
  2 red devils (Volcano)
  13 merfolk
  A tyrant leech (Lair:6)
  4 trolls
  3 two-headed ogres
  5 wind drakes
  A hornet (D:10)
  5 blink frogs
  4 slime creatures (D:15)
  4 hippogriffs
  7 snapping turtles
  Grinder (D:4)
  A vampire (D:15)
  6 water elementals
  A spriggan (shapeshifter) (D:15)
  2 basilisks
  6 hogs
  2 wraiths
  28 yaks
  4 fire bats (Volcano)
  A hog (shapeshifter) (D:15)
  15 humans (D:14)
  2 hungry ghosts
  13 vampire mosquitoes
  A steam dragon (D:12)
  4 fire elementals
  A mottled dragon (D:15)
  4 water moccasins
  4 hell hounds
  3 porcupines
  A soldier ant (D:11)
  9 orc warriors
  2 ice beasts
  2 black bears
  An ice dragon simulacrum (Abyss:2)
  3 phantoms
  4 sky beasts
  3 small abominations (Abyss:2)
  6 ogres
  A necrophage (D:13)
  The ghost of cirnu the Skirmisher, an amateur DsAK of Lugonu (D:3)
  3 boggarts (D:15)
  5 centaurs
  8 crocodiles
  A snapping turtle skeleton (Abyss:2)
  3 big kobolds
  19 bullfrogs
  Blork the orc (D:6)
  6 scorpions
  7 killer bees
  4 wights (D:10)
  4 electric eels
  3 howler monkeys
  2 lava snakes (Volcano)
  4 crimson imps
  4 jellies
  A bullfrog zombie (D:5)
  A draconian simulacrum (IceCv)
  3 hounds
  A quasit (D:12)
  4 orc priests
  7 orc wizards
  3 bullfrog skeletons
  5 iguanas
  7 hell rats (Lair:5)
  7 worker ants
  3 spriggan simulacra (IceCv)
  2 troll simulacra (IceCv)
  A killer bee zombie (D:9)
  A hound zombie (D:5)
  2 hound skeletons
  6 gnolls
  A howler monkey skeleton (D:6)
  10 adders
  An ogre simulacrum (IceCv)
  A naga simulacrum (IceCv)
  3 shadow imps
  An ooze (D:3)
  4 adder skeletons
  3 worms
  2 leopard geckos
  64 orcs
  7 bats
  3 giant cockroaches
  8 goblins
  10 hobgoblins
  8 jackals
  11 kobolds
  3 quokkas
  A ball python (D:1)
  2 frilled lizards
  2 gnoll zombies (D:3)
  5 rats
  5 fungi
  11 plants
  A withered plant (D:12)
653 creatures vanquished.

Vanquished Creatures (collateral kills)
  The ghost of Laauton the Warrior, an adept MiBe of Trog (Shoals:4)
  Gastronok (D:9)
  A dire elephant (D:15)
  2 merfolk javelineers (Shoals:4)
  A yaktaur captain (D:15)
  A merfolk impaler (Shoals:4)
  Fannar (Lair:3)
  2 hydras
  A merfolk avatar (Shoals:2)
  A catoblepas (D:12)
  A satyr (Shoals:3)
  2 merfolk aquamancers (Shoals:4)
  A dancing weapon (D:11)
  A sea snake (Shoals:1)
  2 unseen horrors (D:12)
  A wizard (D:11)
  A hill giant (D:11)
  A lindwurm (Lair:4)
  2 harpies
  An ugly thing (D:12)
  A necromancer (IceCv)
  4 fauns (Shoals:1)
  A large abomination (Abyss:2)
  5 elephants
  A centaur zombie (D:12)
  A water nymph (Shoals:2)
  9 spiny frogs
  A smoke demon (Volcano)
  2 rime drakes (D:15)
  A yaktaur (D:15)
  5 komodo dragons
  An efreet (D:15)
  3 trolls
  An ice devil (IceCv)
  9 merfolk
  2 tyrant leeches (Lair:6)
  A polar bear (Lair:5)
  A wind drake (Shoals:3)
  A blink frog (Lair:3)
  2 snapping turtles
  2 hippogriffs
  A spriggan (D:10)
  A small abomination (Abyss:2)
  5 water elementals
  7 yaks
  3 wyverns
  2 fire bats (Volcano)
  A human (D:14)
  A fire elemental (D:15)
  4 vampire mosquitoes
  2 basilisks (D:12)
  A neqoxec (Abyss:2)
  Menkaure (D:5)
  A mottled dragon (D:14)
  A water moccasin (D:6)
  A porcupine (Lair:3)
  A hell hound (D:15)
  A sky beast (D:13)
  3 orc warriors
  2 hornet zombies
  4 centaurs
  A boggart (D:15)
  6 ogres
  3 crocodiles
  A big kobold (D:8)
  A gnoll sergeant (D:8)
  5 bullfrogs
  3 scorpions
  4 wights (D:10)
  4 killer bees
  3 electric eels
  3 howler monkeys
  A crimson imp (D:10)
  3 lava snakes (Volcano)
  4 hounds
  2 jellies (D:8)
  An orc priest (D:10)
  2 orc wizards
  3 worker ants
  A troll simulacrum (IceCv)
  A centaur simulacrum (IceCv)
  5 gnolls (D:8)
  3 adders
  A white imp (Abyss:2)
  A leopard gecko (D:9)
  12 orcs
  2 goblins
  3 hobgoblins
  5 jackals
  3 kobolds
  A fungus (Lair:6)
  A plant (Lair:5)
211 creatures vanquished.

Vanquished Creatures (others)
  2 merfolk javelineers
  A cyclops (D:13)
  2 merfolk (Shoals:4)
  5 centaurs
  12 battlemagi
  10 fungi
  29 plants
61 creatures vanquished.

Grand Total: 925 creatures vanquished

Notes
Turn   | Place    | Note
-------+----------+-------------------------------------------
     0 | D:1      | Rrauwl the Hill Orc Fighter began the quest for the Orb.
     0 | D:1      | Reached XP level 1. HP: 19/19 MP: 1/1
   206 | D:1      | Reached skill level 3 in Axes
   257 | D:1      | Reached XP level 2. HP: 26/26 MP: 2/2
   541 | D:2      | Reached skill level 1 in Dodging
   618 | D:2      | Reached skill level 4 in Axes
   618 | D:2      | Reached XP level 3. HP: 30/31 MP: 3/3
  1083 | D:2      | Reached skill level 5 in Axes
  1083 | D:2      | Reached XP level 4. HP: 39/39 MP: 4/4
  1385 | D:3      | Found a glowing silver altar of Zin.
  1386 | D:3      | Found an opulent altar of Gozag.
  1478 | D:3      | Found a basalt altar of Yredelemnul.
  1532 | D:3      | Reached skill level 6 in Axes
  1532 | D:3      | Reached XP level 5. HP: 44/45 MP: 5/5
  1873 | D:3      | Noticed cirnu's ghost (amateur DsAK)
  1892 | D:3      | Killed cirnu's ghost
  1892 | D:3      | Reached skill level 7 in Axes
  1995 | D:3      | Reached XP level 6. HP: 50/51 MP: 6/6
  2138 | D:4      | Noticed Grinder
  2166 | D:4      | Killed Grinder
  2166 | D:4      | Reached skill level 9 in Axes
  2220 | D:4      | Reached XP level 7. HP: 41/57 MP: 7/7
  2265 | D:4      | Found a staircase to the Ecumenical Temple.
  2277 | Temple   | Entered the Ecumenical Temple
  2442 | Temple   | Became a worshipper of Hepliaklqana the Forgotten
  2593 | D:4      | Found a deep blue altar of Sif Muna.
  2840 | D:5      | Entered Level 5 of the Dungeon
  2869 | D:5      | Reached skill level 10 in Axes
  3086 | D:5      | Gained mutation: You are resistant to electric shocks. (rElec) [potion of mutation]
  3086 | D:5      | Lost mutation: You are resistant to electric shocks. (rElec) [potion of mutation]
  3086 | D:5      | Gained mutation: You are surrounded by a mild repulsion field. (EV +2) [potion of mutation]
  3087 | D:5      | Lost mutation: You are surrounded by a mild repulsion field. (EV +2) [potion of cure mutation]
  3195 | D:5      | Reached skill level 11 in Axes
  3524 | D:5      | Noticed Menkaure
  3532 | D:5      | Killed Menkaure
  3532 | D:5      | Reached XP level 8. HP: 13/57 MP: 8/8
  3937 | D:5      | Reached skill level 12 in Axes
  4104 | D:6      | Noticed Blork the orc
  4117 | D:6      | Killed Blork the orc
  4137 | D:6      | Reached * piety under Hepliaklqana
  4163 | D:6      | Found a glowing golden altar of the Shining One.
  4210 | D:6      | Reached skill level 13 in Axes
  4518 | D:6      | Reached XP level 9. HP: 22/63 MP: 6/9
  4786 | D:7      | Reached skill level 14 in Axes
  5045 | D:7      | Reached skill level 15 in Axes
  5217 | D:7      | Reached ** piety under Hepliaklqana
  5218 | D:7      | Remembered your ancestor Rick as a battlemage
  5222 | D:7      | Found Mesilak's Book Boutique.
  5443 | D:8      | Got a transparent scimitar
  5450 | D:8      | Identified the +2 scimitar of Yniodd {protect, Int+3} (You found it on level 8 of the Dungeon)
  5548 | D:8      | Reached skill level 16 in Axes
  5582 | D:8      | Noticed baghtru's ghost (novice HOFi)
  5604 | D:8      | Noticed a deep elf mage
  5609 | D:8      | Killed baghtru's ghost
  5609 | D:8      | Reached skill level 17 in Axes
  5609 | D:8      | Reached XP level 10. HP: 28/69 MP: 10/10
  5620 | D:8      | Killed a deep elf mage
  5762 | D:8      | Found a staircase to the Lair.
  5875 | D:8      | Found a burning altar of Makhleb.
  5919 | D:8      | Gained mutation: You evolve. [mutagenic meat]
  5921 | D:8      | Gained mutation: Your spells are a little easier to cast, but a little less powerful. [mutagenic meat]
  5922 | D:8      | Gained mutation: Your spells are easier to cast, but less powerful. [mutagenic meat]
  5923 | D:8      | Gained mutation: You have a pair of small horns on your head. [mutagenic meat]
  5967 | D:8      | Reached skill level 1 in Invocations
  6122 | D:8      | Reached skill level 1 in Evocations
  6266 | D:8      | Reached skill level 18 in Axes
  6266 | D:8      | Reached skill level 5 in Armour
  6266 | D:8      | Reached skill level 5 in Shields
  6266 | D:8      | Reached XP level 11. HP: 81/81 MP: 11/14
  6549 | D:9      | Noticed Gastronok
  6562 | D:9      | Killed Gastronok
  6562 | D:9      | Reached skill level 5 in Invocations
  6562 | D:9      | Reached skill level 5 in Evocations
  6855 | D:9      | Noticed Joseph
  6867 | D:9      | Killed Joseph
  6983 | D:10     | Entered Level 10 of the Dungeon
  7011 | D:10     | Reached XP level 12. HP: 55/90 MP: 16/16
  7584 | D:10     | Gained mutation: Your muscles are strong. (Str +2) [mutagenic meat]
  7585 | D:10     | Gained mutation: You are partially covered in iridescent scales. (AC +2) [mutagenic meat]
  7860 | D:11     | Reached *** piety under Hepliaklqana
  7876 | D:11     | Gained mutation: Scrolls take you a little longer to read. [mutagenic meat]
  7877 | D:11     | Lost mutation: Scrolls take you a little longer to read. [mutagenic meat]
  7979 | D:11     | Got a warped cloak
  7990 | D:11     | Identified the cursed -7 cloak of the World {Int+6} (You found it on level 11 of the Dungeon)
  8129 | D:11     | Noticed an eight-headed hydra
  8137 | D:11     | Killed an eight-headed hydra
  8177 | D:11     | Noticed Erica
  8184 | D:11     | Killed Erica
  8184 | D:11     | Reached skill level 1 in Maces & Flails
  8205 | D:11     | Noticed Urug
  8217 | D:11     | Killed Urug
  8376 | D:11     | Reached XP level 13. HP: 79/99 MP: 18/18
  8392 | D:11     | Found a staircase to the Orcish Mines.
  8893 | D:12     | Reached skill level 1 in Stealth
  8917 | D:12     | Reached **** piety under Hepliaklqana
  9611 | D:12     | Reached skill level 19 in Axes
  9788 | D:12     | Gained mutation: You have supernaturally acute eyesight. (SInv) [mutagenic meat]
  9987 | D:12     | Found a shattered altar of Ashenzari.
 10083 | D:12     | Reached skill level 10 in Fighting
 10524 | D:13     | Found Qoetoh's Antique Armour Shop.
 10551 | D:13     | Bought a heavily runed scale mail for 225 gold pieces
 10561 | D:13     | Identified the cursed +1 scale mail "Acsie" {Str+6 Stlth-} (You bought it in a shop on level 13 of the Dungeon)
 10615 | D:13     | Got a dazzling leather armour
 10619 | D:13     | Reached skill level 5 in Maces & Flails
 10637 | D:13     | Identified the +1 leather armour of Peek-a-Boo {rElec rC+} (You found it on level 13 of the Dungeon)
 10958 | Lair:1   | Entered Level 1 of the Lair of Beasts
 10960 | Lair:1   | Got a translucent long sword
 10961 | Lair:1   | Identified the +11 long sword "Kaenin" {holy, rF+ rC+ Str+4 Dex+2} (You found it on level 1 of the Lair of Beasts)
 11214 | Lair:1   | Reached skill level 10 in Invocations
 11571 | Lair:2   | Reached ***** piety under Hepliaklqana
 11670 | Lair:2   | Got a polished war axe
 11671 | Lair:2   | Identified the +8 war axe of Xononn {speed, rN++ Int+4 SInv} (You found it on level 2 of the Lair of Beasts)
 11814 | Lair:2   | Reached skill level 1 in Long Blades
 12194 | Lair:2   | Reached XP level 14. HP: 83/109 MP: 21/21
 12298 | Lair:3   | Gained mutation: You are mostly covered in iridescent scales. (AC +4) [evolution]
 12307 | Lair:3   | Noticed Nergalle
 12314 | Lair:3   | Killed Nergalle
 12364 | Lair:3   | Noticed Fannar
 12380 | Lair:3   | Killed Fannar
 13682 | Lair:4   | Found a dark tunnel.
 13734 | Volcano  | Entered a volcano
 13853 | Volcano  | Reached skill level 10 in Shields
 13896 | Volcano  | Found a bloodstained altar of Trog.
 14285 | Lair:4   | Found a hole to the Spider Nest.
 14611 | Lair:4   | Found a staircase to the Shoals.
 14851 | Lair:5   | Reached ****** piety under Hepliaklqana
 15005 | Lair:5   | Noticed Kirke
 15048 | Lair:6   | Entered Level 6 of the Lair of Beasts
 15048 | Lair:6   | Found a viscous altar of Jiyva.
 15048 | Lair:6   | Found a staircase to the Slime Pits.
 15242 | Slime:1  | Entered Level 1 of the Pits of Slime
 15501 | Lair:5   | Killed Kirke
 15501 | Lair:5   | Reached skill level 5 in Long Blades
 15989 | Lair:6   | Got a slimy chain mail
 16049 | Lair:6   | Identified the +4 chain mail of the Aged Lives {-Cast Regen+ rCorr} (You found it on level 6 of the Lair of Beasts)
 16338 | Lair:6   | Reached XP level 15. HP: 118/118 MP: 19/22
 16811 | Lair:6   | Got a smoking shield
 16827 | Lair:6   | Identified the -4 shield of the Endless Expanse {+Fly rElec rN+ MR+} (You found it on level 6 of the Lair of Beasts)
 17434 | D:13     | Got a crude war axe
 17435 | D:13     | Identified the cursed +1 war axe of Subterfuge {chop, MP+9} (You found it on level 13 of the Dungeon)
 18061 | D:14     | Found a gate to the Vaults.
 18108 | D:14     | Cast into level 2 of the Abyss (a wizard)
 18257 | Abyss:2  | Noticed a profane servitor
 18273 | Abyss:2  | Killed a profane servitor
 18328 | Abyss:2  | Gained mutation: Armour fits poorly on your strangely shaped body. [a neqoxec]
 18404 | Abyss:2  | Reached skill level 10 in Armour
 18528 | Abyss:2  | Noticed a lich
 18645 | D:14     | Escaped the Abyss
 18759 | D:14     | Gained mutation: You are resistant to hostile enchantments. (MR+) [evolution]
 18951 | D:14     | Reached XP level 16. HP: 128/128 MP: 24/24
 19222 | D:14     | Got a sparkling tin ring
 19224 | D:14     | Identified the ring "Capics" {MR+ Dex+2 Slay+2} (You found it on level 14 of the Dungeon)
 19335 | D:15     | Entered Level 15 of the Dungeon
 19515 | D:15     | Noticed Azrael
 19546 | D:15     | Killed Azrael
 19546 | D:15     | Reached skill level 5 in Dodging
 19681 | D:15     | Found a frozen archway.
 19687 | IceCv    | Entered an ice cave
 19972 | IceCv    | Got an encrusted scale mail
 19987 | IceCv    | Identified the +3 scale mail "Gusoedan" {+Fly rC- Str+4} (You found it in an ice cave)
 20129 | D:15     | Noticed Agnes
 20138 | D:15     | Killed Agnes
 20182 | D:15     | Got a distressingly furry leather armour
 20193 | D:15     | Identified the cursed +1 leather armour of Ystresch {rElec rC+ Dex+3} (You found it on level 15 of the Dungeon)
 20243 | D:15     | Found a staircase to the Depths.
 20867 | Shoals:1 | Entered Level 1 of the Shoals
 21178 | Shoals:1 | Reached skill level 10 in Long Blades
 21442 | Shoals:1 | Gained mutation: You are partially covered in rugged brown scales. (AC +1, +3% HP) [evolution]
 21940 | Shoals:1 | Reached XP level 17. HP: 122/138 MP: 26/26
 22234 | Shoals:2 | Found a flickering gateway to a bazaar.
 22245 | Bazaar   | Entered a bazaar
 22245 | Bazaar   | Found Ceblos's Armour Boutique.
 22245 | Bazaar   | Found Unej's General Store.
 22245 | Bazaar   | Found Zemopihi's Assorted Antiques.
 22245 | Bazaar   | Found Laqouxokh's Distillery.
 22247 | Bazaar   | Found Fitwit's Gadget Shop.
 22247 | Bazaar   | Found Ocatoc's General Store.
 22266 | Bazaar   | Bought a potion of heal wounds for 40 gold pieces
 22269 | Bazaar   | Bought a potion of might for 48 gold pieces
 22868 | Shoals:4 | Entered Level 4 of the Shoals
 22868 | Shoals:4 | Found an ancient bone altar of Kikubaaqudgha.
 22936 | Shoals:4 | Noticed Laauton's ghost (adept MiBe)
 22961 | Shoals:4 | Killed Laauton's ghost
 23089 | Shoals:4 | Noticed Ilsuiw
 23103 | Shoals:4 | Noticed WINT3RMUT3's ghost (adept HOAK)
 23160 | Shoals:4 | Killed WINT3RMUT3's ghost
 23166 | Shoals:4 | Killed Ilsuiw
 23381 | Shoals:4 | Reached skill level 15 in Long Blades
 23418 | Shoals:4 | Shot with an arrow by a satyr

Skill      XL: |  1  2  3  4  5  6  7  8  9 10 11 12 13 14 15 16 17 |
---------------+----------------------------------------------------+-----
Axes           | 3 4 5 6 7 9 11 13 17 18 19 | 19.0
Dodging        | 1 3 4 6 |  6.3
Fighting       | 6 7 9 10 12 13 | 13.0
Invocations    | 4 5 7 10 11 13 | 13.2
Evocations     | 4 5 7 |  7.0
Armour         | 5 7 8 9 10 | 10.2
Shields        | 5 7 9 10 11 | 11.0
Maces & Flails | 2 6 8 9 |  9.7
Stealth        | 1 |  1.0
Long Blades    | 1 5 7 11 15 | 15.2

Action                   |  1- 3 |  4- 6 |  7- 9 | 10-12 | 13-15 | 16-18 || total
-------------------------+-------+-------+-------+-------+-------+-------++-------
Melee: War axe           |    85 |   142 |   297 |   312 |   889 |   731 ||  2456
       Headbutt          |       |       |       |    47 |   240 |   189 ||   476
       Flail             |       |       |       |     3 |    26 |       ||    29
       Long sword        |       |       |       |       |     5 |       ||     5
       Unarmed           |       |       |       |       |     5 |       ||     5
       Demon whip        |       |       |       |       |       |     5 ||     5
Invok: Ancestor Identity |       |       |     1 |       |       |       ||     1
       Ancestor Life: Ba |       |       |     1 |       |       |       ||     1
       Recall Ancestor   |       |       |       |       |     6 |     3 ||     9
       Idealise          |       |       |       |       |     2 |       ||     2
Evoke: Wand              |       |       |       |     1 |       |       ||     1
  Use: Scroll            |       |     3 |    10 |     9 |    16 |     8 ||    46
       Potion            |       |     3 |    10 |     4 |     8 |     8 ||    33
 Stab: Distracted        |       |       |     2 |     8 |     7 |    10 ||    27
       Petrifying        |       |       |       |       |     1 |       ||     1
  Eat: Chunk             |       |     4 |     9 |    17 |    15 |    11 ||    56
       Pizza             |       |     1 |       |     1 |     1 |       ||     3
       Beef jerky        |       |       |     1 |       |       |     1 ||     2
       Fruit             |       |       |       |       |     8 |       ||     8
       Bread ration      |       |       |       |       |     1 |       ||     1
       Meat ration       |       |       |       |       |     2 |       ||     2
Armor: Scale mail        |    14 |       |       |       |       |       ||    14
       Chain mail        |    24 |    61 |    22 |    58 |   262 |   159 ||   586
       Skin              |       |     6 |       |       |       |       ||     6
       Plate armour      |       |       |    78 |       |       |       ||    78
Dodge: Dodged            |    16 |    27 |    45 |    43 |   196 |   121 ||   448
Block: Shield            |    40 |    63 |   123 |   166 |   504 |   374 ||  1270
       Reflection        |       |       |     8 |     5 |    28 |    72 ||   113
       Other             |       |       |       |       |     5 |       ||     5
       Rpst.: Long sword |       |       |       |       |     1 |       ||     1
